 Dungeon Crawl Stone Soup version 0.20.1-1-g8b1a95d (webtiles) character file.

208 pstr the Conjurer (level 6, 0/32 HPs)
             Began as a Kobold Conjurer on Nov 18, 2017.
             Was a Follower of Qazlal.
             Killed by nerve-wracking pain
             ... invoked by an orc priest
              (5 damage)
             ... on level 4 of the Dungeon.
             The game lasted 00:08:19 (3577 turns).

pstr the Conjurer (Kobold Conjurer)                 Turns: 3577, Time: 00:08:20

Health: 0/32       AC:  6    Str:  5    XL:     6   Next: 11%
Magic:  11/11      EV: 17    Int: 19    God:    Qazlal [*.....]
Gold:   213        SH:  1    Dex: 20    Spells: 8/11 levels left

rFire    . . .     SeeInvis .   q - +4 quarterstaff (chaos)
rCold    . . .     Gourm    .   (shield currently unavailable)
rNeg     . . .     Faith    .   m - +0 ring mail
rPois    +         Spirit   .   (no helmet)
rElec    .         Reflect  .   r - +0 cloak
rCorr    .         Harm     .   (no gloves)
MR       .....                  (no boots)
Stlth    +++.......             (no amulet)
Regen    0.1/turn               g - ring of poison resistance
MPRegen  0.2/turn               (no ring)

@: agile, flying, very slightly contaminated
A: carnivore 3
a: Renounce Religion


You were on level 4 of the Dungeon.
You worshipped Qazlal.
Qazlal was aware of your devotion.
You were full.

You visited 1 branch of the dungeon, and saw 4 of its levels.

You collected 213 gold pieces.

Inventory:

Hand Weapons
 q - a +4 quarterstaff of chaos (weapon)
Missiles
 f - 47 arrows
 l - 109 stones (quivered)
Armour
 a - a +0 robe
 m - a +0 ring mail (worn)
 r - a +0 cloak (worn)
Jewellery
 g - a ring of poison resistance (left hand)
Scrolls
 d - 7 scrolls of identify {unknown}
 i - a scroll of enchant armour {unknown}
 j - a scroll of recharging {unknown}
 k - a scroll of immolation {unknown}
 n - 4 scrolls of remove curse {unknown}
Potions
 e - 2 potions of agility
 h - a potion of lignification {unknown}
 p - a potion of curing {unknown}
 s - a potion of haste {unknown}
 t - a potion of brilliance {unknown}
 u - 2 potions of flight
 v - a potion of heal wounds {unknown}
 x - a potion of ambrosia {unknown}
Books
 b - a book of Conjurations

   Spells                             Type                      Level
   a - Magic Dart                     Conjuration                  1
   b - Searing Ray                    Conjuration                  2
   c - Dazzling Spray                 Conjuration/Hexes            3
   d - Fulminant Prism                Conjuration/Hexes            4
   e - Force Lance                    Conjuration/Translocation    4
   f - Iskenderun's Mystic Blast      Conjuration                  4
 y - a book of Changes

   Spells                             Type                      Level
   a - Beastly Appendage              Transmutation                1
   b - Sticks to Snakes               Transmutation                2
   c - Spider Form                    Transmutation/Poison         3
   d - Ice Form                       Ice/Transmutation            4
   e - Blade Hands                    Transmutation                5
Comestibles
 c - 3 meat rations


   Skills:
 + Level 0.2 Fighting
 + Level 0.5 Armour
 + Level 3.0 Dodging
 + Level 3.5 Stealth
 + Level 0.2 Unarmed Combat
 + Level 3.3 Spellcasting
 + Level 5.7 Conjurations


You had 8 spell levels left.
You knew the following spells:

 Your Spells              Type           Power        Failure   Level  Hunger
a - Magic Dart            Conj           ####         6%          1    None
b - Searing Ray           Conj           ####..       10%         2    ##.....


Dungeon Overview and Level Annotations

Branches:
Dungeon (4/15)
 Temple: D:4-7

Altars:
Dithmenos
Elyvilon
Hepliaklqana
Qazlal
Sif Muna
Xom
Yredelemnul


Innate Abilities, Weirdness & Mutations

You are small and have problems with some larger weapons.
You are carnivorous and can eat meat at any time.


Message History

Aiming: Magic Dart
Press: ? - help, Shift-Dir - straight line, f/p - orc priest
Aim: an orc priest, wearing a leather armour (severely wounded)
The magic dart hits the orc priest.
The orc priest is severely wounded.
The orc priest mumbles some strange prayers to Beogh against you.
Pain shoots through your body!
* * * LOW HITPOINT WARNING * * *
It was a potion of agility.
You feel agile all of a sudden. The orc priest hits you.
* * * LOW HITPOINT WARNING * * *
It was a potion of flight.
You feel very buoyant.
You fly up into the air.
The orc priest looks encouraged for a moment.
It was a potion of magic.
Magic courses through your body.
The orc priest calls down the wrath of Beogh upon you.
Pain shoots through your body!
You die...

##################
.................#
..).............)#
.................#
...)!....o@......#
#...##....ยง......#
..... #+####...K..####'#
.....#.....#......##...#
#....#.....#.......'...#
#....#....##..)...##...#
.....##...##......##...#
.....##...##......######
..........#.......##...


You could see an orc priest and a kobold.

Vanquished Creatures
  An orc wizard (D:4)
  Crazy Yiuf (D:2)
  Terence (D:2)
  A hound skeleton (D:3)
  5 adders
  3 worms
  3 dart slugs
  A leopard gecko (D:2)
  6 orcs
  6 bats
  2 giant cockroaches
  5 goblins
  5 hobgoblins
  3 jackals
  A quokka (D:2)
  3 kobolds
  7 rats
  A fungus (D:2)
55 creatures vanquished.

Vanquished Creatures (others)
  2 jackals (D:2)
2 creatures vanquished.

Grand Total: 57 creatures vanquished

Notes
Turn   | Place    | Note
-------+----------+-------------------------------------------
     0 | D:1      | pstr the Kobold Conjurer began the quest for the Orb.
     0 | D:1      | Reached XP level 1. HP: 10/10 MP: 3/3
   607 | D:1      | Reached XP level 2. HP: 3/15 MP: 0/5
  1054 | D:1      | Learned a level 2 spell: Searing Ray
  1093 | D:2      | Noticed Terence
  1188 | D:2      | Reached XP level 3. HP: 19/19 MP: 2/6
  1564 | D:2      | Found a hazy altar of Hepliaklqana.
  1566 | D:2      | Found a shimmering altar of Xom.
  1566 | D:2      | Noticed a boggart
  1567 | D:2      | Noticed a boggart
  1567 | D:2      | Noticed a spectral ugly thing
  1626 | D:2      | Killed Terence
  1626 | D:2      | Reached skill level 5 in Conjurations
  1626 | D:2      | Reached XP level 4. HP: 24/24 MP: 0/7
  1756 | D:2      | Found a stormy altar of Qazlal.
  1763 | D:2      | Became a worshipper of Qazlal Stormbringer
  2403 | D:2      | Found a runed door.
  2417 | D:2      | Noticed Crazy Yiuf
  2421 | D:2      | Killed Crazy Yiuf
  2421 | D:2      | Reached XP level 5. HP: 28/28 MP: 4/9
  2728 | D:3      | Reached * piety under Qazlal
  3075 | D:3      | Found a deep blue altar of Sif Muna.
  3075 | D:3      | Found a faded altar of an unknown god.
  3080 | D:3      | Found a faded altar of an unknown god.
  3082 | D:3      | Found a shadowy altar of Dithmenos.
  3083 | D:3      | Found a stormy altar of Qazlal.
  3126 | D:3      | Found a white marble altar of Elyvilon.
  3178 | D:3      | Found a basalt altar of Yredelemnul.
  3416 | D:4      | Reached XP level 6. HP: 32/32 MP: 0/10
  3577 | D:4      | Killed from afar by an orc priest

Skill      XL: |  1  2  3  4  5 |
---------------+----------------+-----
Stealth        | 3 |  3.5
Conjurations   | 5 |  5.7
Spellcasting   | 3 |  3.3
Dodging        | 3 |  3.0
Fighting       | |  0.2
Armour         | |  0.5
Unarmed Combat | |  0.2

Action                   |  1- 3 |  4- 6 || total
-------------------------+-------+-------++-------
Melee: Unarmed           |     1 |    41 ||    42
       Quarterstaff      |       |     4 ||     4
 Cast: Magic Dart        |    48 |    54 ||   102
       Searing Ray       |     4 |    11 ||    15
  Use: Potion            |       |     3 ||     3
  Eat: Chunk             |     5 |     9 ||    14
Armor: Robe              |     2 |     2 ||     4
       Ring mail         |       |     4 ||     4
Dodge: Dodged            |    10 |    10 ||    20
